 Dungeon Crawl Stone Soup version 0.30-a0-377-g5cb311bc9f (webtiles) character file.

Game seed: 7029634406625686306

942 qeuew the Trooper (level 7, -1/49 HPs)
             Began as a Demonspawn Chaos Knight on Nov 30, 2022.
             Was a Plaything of Xom.
             Slain by a two-headed ogre
             ... wielding a +0 giant club
              (33 damage)
             ... on level 5 of the Dungeon.
             The game lasted 00:05:00 (4213 turns).

qeuew the Trooper (Demonspawn Chaos Knight)         Turns: 4213, Time: 00:05:02

Health: -1/49      AC: 18    Str: 15    XL:     7   Next: 88%
Magic:  7/7        EV: 12    Int: 13    God:    Xom [...*..]
Gold:   328        SH:  0    Dex: 10    Spells: 6/6 levels left

rFire   . . .      SeeInvis .    o - +2 flail (protect)
rCold   . . .      Faith    .    (no shield)
rNeg    . . .      Spirit   .    b - +3 leather armour
rPois   .          Reflect  .    (no helmet)
rElec   .          Harm     .    (no cloak)
rCorr   .          Rampage  .    (no gloves)
Will    +....                    (no boots)
Stlth   +.........               (no amulet)
HPRegen 0.28/turn                e - +4 ring of protection
MPRegen 0.10/turn                (no ring)

@: under a protective aura
A: sharp scales 1, weakness stinger 2, clumsy 1, frail 1, high MP 1,
strong-willed 1, screaming 1
a: Renounce Religion


You were on level 5 of the Dungeon.
You worshipped Xom.
You were a favourite toy of Xom.
You visited 1 branch of the dungeon, and saw 5 of its levels.

You collected 328 gold pieces.

Inventory:

Hand Weapons
 o - a +2 flail of protection (weapon)
Armour
 b - a +3 leather armour (worn)
Jewellery
 e - a +4 ring of protection (left hand)
Wands
 h - a wand of charming (15)
Scrolls
 a - 2 scrolls of identify
 d - 3 scrolls of fog
 g - a scroll of magic mapping
 j - a scroll of enchant weapon
 k - a scroll of silence {unknown}
 m - a scroll of vulnerability {unknown}
 p - a scroll of teleportation {unknown}
Potions
 f - 2 potions of heal wounds
 i - 2 potions of curing
 l - a potion of attraction {unknown}
 n - a potion of brilliance {unknown}
 q - a potion of flight {unknown}
Miscellaneous
 c - a piece from Xom's chessboard (12/15) (quivered)


   Skills:
 + Level 4.9 Fighting
 + Level 4.5 Maces & Flails
 + Level 4.0 Armour
 + Level 3.6 Dodging
 + Level 3.8 Evocations


You had 6 spell levels left.
You didn't know any spells.
Your spell library contained the following spells:

 Spells                   Type           Power      Damage    Failure   Level
 Summon Small Mammal      Summ           0%         N/A       36%         1
 Ensorcelled Hibernation  Hex/Ice        0%         N/A       50%         2
 Call Canine Familiar     Summ           0%         N/A       75%         3
 Ozocubu's Armour         Ice            0%         N/A       75%         3
 Spider Form              Tmut/Pois      0%         N/A       75%         3
 Summon Guardian Golem    Hex/Summ       0%         N/A       75%         3
 Anguish                  Hex/Necr       0%         N/A       98%         4
 Ozocubu's Refrigeration  Ice            0%         4d7       100%        7


Dungeon Overview and Level Annotations

Branches:
Dungeon (5/15)
 Temple: D:4-7

Altars:

Annotations:
D:4 1 runed translucent door, pascalblue's ghost, novice DEFE


Innate Abilities, Weirdness & Mutations

You are partially covered in razor-sharp scales. (AC +1, Slay +1)
You have a tail ending in a sharp stinger.
You are clumsy. (Dex -2)
You are frail. (-10% HP)
You have an increased reservoir of magic. (+10% MP)
You are strong-willed. (Will+)
You occasionally shout uncontrollably at your foes.


Message History

The ufetubus barely misses you.
The ufetubus hits you but does no damage.
You closely miss the ufetubus.
The ufetubus is moderately wounded.
The ufetubus hits you but does no damage.
The ufetubus hits you. The ufetubus barely misses you. The ufetubus hits you.
You thump the ufetubus!
You kill the ufetubus!
No target in view!
No target in view!
No target in view!
a - 2 scrolls of identify (gained 1)
There is an open door here.
You open the door.
A two-headed ogre, a scorpion and an orc come into view.
The orc shouts!
Found a potion of degeneration.
There are monsters nearby!
There are monsters nearby!
Non-targeted evoke: piece from Xom's chessboard (15/15)
Press: ? - help, Q - select action, (/) - cycle Dir - look around, f - activate You make a move on Xom's chessboard...
The two-headed ogre resists with some effort.
You make a move on Xom's chessboard...
The two-headed ogre seems to grow stronger.
You make a move on Xom's chessboard...
The scorpion is moving more slowly.
You hit the two-headed ogre.
Your weapon exudes an aura of protection.
The two-headed ogre is lightly wounded.
The two-headed ogre hits you with a +0 giant club!!
The two-headed ogre misses you.
You hit the two-headed ogre. You tail-slap the two-headed ogre.
The two-headed ogre is moderately wounded.
You hit the two-headed ogre.
The two-headed ogre is moderately wounded.
The scorpion stops moving altogether!
The two-headed ogre hits you with a +0 giant club!!
Ouch! That really hurt!
You die...
Xom chortles!

.............## ..##....##
..............# .#..##.##
................# #..#...#
..####.....####......##..# .
##...##.!#.##..####..
##.##...#..##.......
#.#o..##.....#....>
+#.#Os##.....##..##.
..###..@###...#....#.#..
.......8...........##....
...###...###..........##.
...<. +#.#'.##......#...##
#....# #.#...##....####.##
#....# ##.##...#.#.##.##...
##...# ##...##..#.#.........
##
#....####.....####.......#...
..
#..................#..###...


You could see a two-headed ogre (strong), a scorpion (petrified) and an orc.

Vanquished Creatures
  3 ogres (D:5)
  A phantom (D:4)
  A kobold brigand (D:4)
  A scorpion (D:5)
  A quasit (D:4)
  A hound (D:5)
  Jessica (D:3)
  2 iguanas
  A gnoll (D:1)
  3 adders
  3 shadow imps (D:4)
  2 white imps (D:4)
  5 ufetubi
  A worm (D:2)
  3 dart slugs
  An orc (D:4)
  8 endoplasms
  3 giant cockroaches
  5 goblins
  11 hobgoblins
  4 jackals (D:1)
  15 kobolds
  5 quokkas
  4 ball pythons
  3 bats
  3 frilled lizards
  4 rats
95 creatures vanquished.

Vanquished Creatures (collateral kills)
  A phantom (D:5)
  A scorpion (D:5)
  An iguana (D:5)
  An orc (D:5)
4 creatures vanquished.

Vanquished Creatures (others)
  10 demonic plants (D:4)
  2 withered plants (D:4)
12 creatures vanquished.

Grand Total: 111 creatures vanquished

Notes
Turn   | Place    | Note
-------+----------+-------------------------------------------
     0 | D:1      | qeuew the Demonspawn Chaos Knight began the quest for the
                  | Orb.
     0 | D:1      | Reached XP level 1. HP: 18/18 MP: 1/1
   112 | D:1      | Reached skill level 1 in Dodging
   166 | D:1      | Gained mutation: You have a small tail. [demonic ancestry]
   166 | D:1      | Reached XP level 2. HP: 15/24 MP: 2/2
   278 | D:1      | XOM: divination: detect creatures
   307 | D:1      | Reached skill level 1 in Evocations
   307 | D:1      | Reached XP level 3. HP: 27/29 MP: 3/3
   695 | D:1      | XOM: cloud trail
  1091 | D:2      | Found a faded altar of an unknown god.
  1143 | D:2      | XOM: silly message
  1219 | D:2      | XOM: silly message
  1291 | D:2      | XOM: noise
  1450 | D:2      | XOM: smoke on damage
  1452 | D:2      | Reached XP level 4. HP: 31/35 MP: 4/4
  1814 | D:3      | Noticed Jessica
  1818 | D:3      | XOM: silly message
  1819 | D:3      | Killed Jessica
  2102 | D:3      | XOM: give mutations
  2102 | D:3      | Gained mutation: You have a pair of small horns on your
                  | head. [Xom's grace]
  2102 | D:3      | Gained mutation: You are strong-willed. (Will+) [Xom's
                  | grace]
  2177 | D:3      | XOM: silly message
  2270 | D:3      | Gained mutation: You are partially covered in razor-sharp
                  | scales. (AC +1, Slay +1) [demonic ancestry]
  2270 | D:3      | Reached XP level 5. HP: 41/41 MP: 5/5
  2416 | D:3      | XOM: divination: detect creatures
  2670 | D:4      | XOM: silly message
  2678 | D:4      | Reached XP level 6. HP: 37/48 MP: 6/6
  3120 | D:4      | XOM: give mutations
  3120 | D:4      | Gained mutation: You occasionally shout uncontrollably at
                  | your foes. [Xom's mischief]
  3120 | D:4      | Gained mutation: You have an increased reservoir of magic.
                  | (+10% MP) [Xom's mischief]
  3183 | D:4      | Found a runed translucent door.
  3184 | D:4      | Noticed pascalblue's ghost (novice DEFE)
  3471 | D:4      | XOM: give mutations
  3471 | D:4      | Lost mutation: You have a pair of small horns on your head.
                  | [Xom's mischief]
  3471 | D:4      | Gained mutation: You are frail. (-10% HP) [Xom's mischief]
  3471 | D:4      | Gained mutation: You are clumsy. (Dex -2) [Xom's mischief]
  3555 | D:4      | XOM: chaos upgrade
  3587 | D:4      | XOM: god gift: 59 gold pieces
  3629 | D:5      | Entered Level 5 of the Dungeon
  3641 | D:5      | XOM: cleaving
  3644 | D:5      | XOM: summons friendly iron imp
  3647 | D:5      | Gained mutation: You have a tail ending in a sharp stinger.
                  | [demonic ancestry]
  3647 | D:5      | Reached XP level 7. HP: 48/49 MP: 7/7
  3705 | D:5      | XOM: polymorph iron imp -> shadow imp
  3772 | D:5      | XOM: cloud trail
  3914 | D:5      | XOM: summons 2 friendly demons
  4207 | D:5      | Noticed a two-headed ogre
  4213 | D:5      | Slain by a two-headed ogre

Illustrated notes

Levels and vault maps discovered:
D:1:      dpeg_arrival_long_road, layout_basic, minivault_5,
          hangedman_decor_growths, nrook_mini_backslash,
          minmay_misc_feat_nine_boxes
D:2:      layout_basic, basic_ecumenical_altar, minmay_cut_off
D:3:      layout_loops_ring, uniq_jessica
D:4:      cheibrodos_thug_alley, layout_loops_corners, serial_demonic,
          serial_demonic_g, serial_demonic_b, serial_demonic_g,
          serial_demonic_e, serial_demonic_d, serial_demonic_a,
          gammafunk_ghost_grave, serial_bayou_pond_a
D:5:      cheibrodos_barr_body, layout_cave_pools, doesnt_shop_hydraphobe

Skill      XL: |  1  2  3  4  5  6  7 |
---------------+----------------------+-----
Dodging        | 1 2 3 |  3.6
Armour         | 2 3 4 |  4.0
Evocations     | 1 2 3 |  3.8
Maces & Flails | 3 4 |  4.5
Fighting       | 4 |  4.9

Action                   |  1- 3 |  4- 6 |  7- 9 || total
-------------------------+-------+-------+-------++-------
Melee: Mace              |   111 |   142 |    24 ||   277
       Tailslap          |     7 |    18 |     6 ||    31
       Punch             |     1 |     1 |     1 ||     3
       Headbutt          |       |    13 |       ||    13
       Flail             |       |       |    14 ||    14
Evoke: Piece from Xom's  |       |       |     3 ||     3
  Use: Potion            |     3 |       |       ||     3
       Scroll            |     1 |     7 |       ||     8
 Stab: Paralysed         |       |     4 |       ||     4
Armor: Leather armour    |    48 |    97 |    19 ||   164
Dodge: Dodged            |    64 |   122 |    28 ||   214

Table legend: (Time is in decaauts)
 A = Elapsed time spent in this place.
 B = Non-inter-level travel time spent in this place.
 C = Inter-level travel time spent in this place.
 D = Time resting spent in this place.
 E = Time spent auto-exploring this place.
 F = Levels seen in this place.
 G = Mean time per level.
                   A        B        C        D        E       F      G
               +--------+--------+--------+--------+--------+-----+--------+
         Total |   4282 |   4204 |     78 |     28 |   3482 |   5 |  856.4 |
       Dungeon |   4282 |   4204 |     78 |     28 |   3482 |   5 |  856.4 |
               +--------+--------+--------+--------+--------+-----+--------+

Top non-repeatable levels by time:
     D:4: 1225 daAuts
     D:1: 1052 daAuts
     D:2: 792 daAuts
     D:3: 620 daAuts
     D:5: 592 daAuts
